 Dungeon Crawl Stone Soup version 0.28.0-47-ge53b351184 (webtiles) character file.

Game seed: 11533873627210457246

1037 GigaChad the Slasher (level 8, -3/68 HPs)
             Began as a Minotaur Fighter on Apr 28, 2022.
             Was a Follower of Yredelemnul.
             Slain by a sky beast (6 damage)
             ... on level 6 of the Dungeon.
             The game lasted 00:20:13 (4727 turns).

GigaChad the Slasher (Minotaur Fighter)             Turns: 4727, Time: 00:20:13

Health: -3/68      AC:  8    Str: 21    XL:     8   Next: 4%
Magic:  16/16      EV: 10    Int:  5    God:    Yredelemnul [*.....]
Gold:   316        SH:  5    Dex: 12    Spells: 7/7 levels left

rFire   . . .      SeeInvis .   a - +0 long sword
rCold   . . .      Faith    +   c - +0 buckler
rNeg    . . .      Spirit   .   b - +1 scale mail
rPois   .          Reflect  .   (helmet restricted)
rElec   .          Harm     .   (no cloak)
rCorr   .          Rampage  .   (no gloves)
Will    .....                   (no boots)
Stlth   ..........              h - amulet of faith
HPRegen 0.21/turn               i - ring of magical power
MPRegen 0.15/turn               (no ring)

@: no status effects
A: horns 2, retaliatory headbutt
a: Renounce Religion, Recall Undead Harvest


You were on level 6 of the Dungeon.
You worshipped Yredelemnul.
Yredelemnul was noncommittal.
You visited 1 branch of the dungeon, and saw 6 of its levels.
You also visited: Sewer.

You collected 316 gold pieces.

Inventory:

Hand Weapons
 a - a +0 long sword (weapon)
 w - the +2 morningstar of Ytamal {flame, Contam rF- rC+++ Dex+6}
   (You found it on level 5 of the Dungeon)

   It burns those it strikes, dealing additional fire damage.
   Dex:       It affects your dexterity (+6).
   rF:        It makes you vulnerable to fire.
   rC:        It renders you almost immune to cold.
   Contam:    It causes magical contamination when unequipped.
 y - a +0 glaive
Armour
 b - a +1 scale mail (worn)
 c - a +0 buckler (worn)
 n - a +1 cloak
Jewellery
 g - an amulet of the acrobat
 h - an amulet of faith (around neck)
 i - a ring of magical power (left hand)
Wands
 l - a wand of polymorph (9)
 m - a wand of mindburst (5)
 p - a wand of iceblast (8)
 s - a wand of digging (6)
 u - a wand of paralysis (5)
Scrolls
 e - a scroll of fear {unknown}
 k - 2 scrolls of teleportation
 q - a scroll of amnesia
 z - a scroll of magic mapping
Potions
 d - 3 potions of might
 j - a potion of degeneration {unknown}
 o - a potion of resistance {unknown}
 r - a potion of flight {unknown}
 t - a potion of ambrosia {unknown}
 v - a potion of lignification {unknown}
 x - 2 potions of mutation {unknown}


   Skills:
 + Level 5.2 Fighting
 + Level 7.5 Long Blades
 + Level 7.2 Armour
 + Level 2.1 Dodging
 + Level 0.6 Stealth
 + Level 4.7 Shields
 + Level 0.4 Evocations


You had 7 spell levels left.
You didn't know any spells.
Your spell library contained the following spells:

 Spells                   Type           Power      Damage    Failure   Level
 Animate Skeleton         Necr           0%         N/A       86%         1
 Pain                     Necr           0%         1d4       86%         1
 Inner Flame              Hex/Fire       0%         N/A       99%         3
 Vampiric Draining        Necr           0%         2d6       99%         3
 Agony                    Necr           0%         N/A       100%        5
 Excruciating Wounds      Necr           0%         N/A       100%        5
 Borgnjor's Revivificati  Necr           0%         N/A       100%        8


Dungeon Overview and Level Annotations

Branches:
Dungeon (6/15)              Sewer (visited)
 Temple: D:4-7

Altars:
Fedhas
Hepliaklqana
Makhleb
Yredelemnul

Shops:
D:2 !


Innate Abilities, Weirdness & Mutations

You have a pair of horns on your head.
You reflexively headbutt those who attack you in melee.


Message History

Something hits you but does no damage.
The orc priest hits your orc priest zombie with a +0 dagger.
The orc priest hits your orc priest zombie with a +0 dagger.
Your orc priest zombie misses the orc priest.
You hit the orc. You headbutt the orc.
The orc is almost dead.
The orc priest miscasts a cantrip.
The orc hits you with a +0 club.
* * * LOW HITPOINT WARNING * * *
Your orc priest zombie closely misses the orc priest.
Something hits you but does no damage.
The orc priest hits your orc priest zombie with a +0 dagger.
Aiming: Mindburst
Press: ? - help, Shift-Dir - straight line, f - iguana zombie
Aim: an iguana zombie (almost destroyed, friendly, not susceptible)
The orc's mind is blasted!
You blow up the orc!
A black mist starts to gather...
Your orc priest zombie hits the orc priest.
The orc priest dies!
A black mist starts to gather...
Something hits you but does no damage.
You swap places.
A sky beast appears from thin air!
Reactivating autopickup.
The sky beast barely misses you.
You see here a +0 club.
You hit the sky beast but do no damage. Your headbutt misses the sky beast.
The sky beast is moderately wounded.
The sky beast flickers out of sight!
Deactivating autopickup; reactivate with Ctrl-A.
Something hits you but does no damage.
You closely miss something. Something hits you.
* * * LOW HITPOINT WARNING * * *
Something shocks you.
* * * LOW HITPOINT WARNING * * *
Your spectral orc hits something but does no damage.
You closely miss something. Your headbutt misses something. Something hits you.
* * * LOW HITPOINT WARNING * * *
Something shocks you.
You die...
Your body rises from the dead as a mindless zombie.

..................
.......................
.......................
....................##
.....................##
.......................
.......................
...........Z....##......
......)..).Z.Z@Z# ....#
..............{.# #..#.......
................## ##..........
.................##............
.....................##........
..............##...###.........
..............##..## #.........
..................# ##...>.....
.....#....# #....<.....


You could see a friendly spectral orc, a friendly iguana zombie and 2 friendly
orc priest zombies.

Vanquished Creatures
  The ghost of abstractfish the Skirmisher, an amateur HOFi of Beogh (D:4)
  A black bear (D:5)
  A sky beast (D:5)
  2 scorpions
  A howler monkey (D:4)
  An orc priest (D:4)
  A hound (D:5)
  Jessica (D:3)
  4 iguanas
  An orc wizard (D:4)
  A hound skeleton (D:5)
  A river rat (Sewer)
  6 adders
  4 worms
  8 dart slugs
  11 orcs
  3 endoplasms
  2 giant cockroaches
  4 goblins
  3 hobgoblins
  9 kobolds
  A quokka (D:1)
  6 ball pythons
  2 bats
  5 frilled lizards
  5 rats
85 creatures vanquished.

Vanquished Creatures (collateral kills)
  2 orc priests (D:6)
  An adder (D:3)
  A shadow imp (D:5)
  4 orcs
  2 ball pythons
  2 rats (D:3)
12 creatures vanquished.

Vanquished Creatures (others)
  A spectral orc (D:4)
  4 ball python zombies
  A dart slug zombie (D:4)
  A goblin zombie (D:4)
  A human zombie (D:3)
  2 kobold zombies (D:4)
  4 orc zombies
  A rat zombie (D:5)
  2 spectral endoplasms (D:4)
17 creatures vanquished.

Grand Total: 114 creatures vanquished

Notes
Turn   | Place    | Note
-------+----------+-------------------------------------------
     0 | D:1      | GigaChad the Minotaur Fighter began the quest for the Orb.
     0 | D:1      | Reached XP level 1. HP: 19/19 MP: 0/0
    98 | D:1      | Reached XP level 2. HP: 23/27 MP: 1/1
   262 | D:1      | You fall into a shaft and drop 1 floor!
   518 | D:2      | Reached XP level 3. HP: 29/33 MP: 2/2
   679 | D:2      | Found Ygiom's Distillery.
  1276 | D:3      | Reached XP level 4. HP: 29/40 MP: 3/3
  1437 | D:3      | Found a faded altar of an unknown god.
  1449 | D:3      | Prayed at the altar of an unknown god.
  1449 | D:3      | Became a worshipper of Yredelemnul the Dark
  1449 | D:3      | Reached * piety under Yredelemnul
  1678 | D:3      | Noticed Jessica
  1681 | D:3      | Killed Jessica
  1682 | D:3      | Reached skill level 5 in Armour
  1682 | D:3      | Your ally Jessica died
  1687 | D:3      | Reached XP level 5. HP: 41/46 MP: 4/4
  1694 | D:3      | Reached ** piety under Yredelemnul
  1716 | D:3      | Found a blossoming altar of Fedhas.
  1944 | D:3      | Found a large runed translucent door.
  1945 | D:3      | Found a large runed translucent door.
  1976 | D:3      | Found a burning altar of Makhleb.
  1985 | D:3      | Got the Guide on the Unholy Blaze
  1992 | D:3      | Found a hazy altar of Hepliaklqana.
  2176 | D:4      | Reached skill level 5 in Long Blades
  2709 | D:4      | Reached skill level 1 in Dodging
  2709 | D:4      | Reached XP level 6. HP: 31/52 MP: 5/5
  3022 | D:4      | Found a large runed translucent door.
  3022 | D:4      | Found a large runed translucent door.
  3028 | D:4      | Noticed abstractfish's ghost (amateur HOFi)
  3057 | D:4      | Killed abstractfish's ghost
  3058 | D:4      | Reached XP level 7. HP: 14/60 MP: 6/6
  3758 | D:5      | Entered Level 5 of the Dungeon
  4206 | D:5      | Identified the +2 morningstar of Ytamal {flame, Contam rF-
                  | rC+++ Dex+6}
  4243 | D:5      | Found a glowing drain.
  4263 | D:5      | Reached *** piety under Yredelemnul
  4282 | Sewer    | Entered a sewer
  4394 | Sewer    | Reached skill level 5 in Fighting
  4714 | D:6      | Reached XP level 8. HP: 22/68 MP: 7/7
  4727 | D:6      | HP: 3/68 [something (2)]
  4727 | D:6      | Slain by a sky beast

Illustrated notes

Levels and vault maps discovered:
D:1:      lightli_arrival_lavapool, layout_loops_cross, st_stairs_8,
          minmay_cupped
D:2:      layout_basic, serial_shops, shop
D:3:      layout_loops_ring, jmf_multi_god_temple2, fedhas_altar_4,
          ebering_ecumenical_altar_abandoned, uniq_jessica
D:4:      cheibrodos_pilgrimage, layout_basic, ebering_ghost_disaster_area,
          minivault_4, chequers_serial_rivers_small_b, minmay_cut_off
D:5:      layout_basic, portal_sewer_entry_a
D:6:      layout_layer_cave

Skill      XL: |  1  2  3  4  5  6  7 |
---------------+----------------------+-----
Long Blades    | 3 4 5 6 7 |  7.5
Armour         | 4 5 6 7 |  7.2
Shields        | 4 |  4.7
Fighting       | 4 5 |  5.2
Dodging        | 1 2 |  2.1
Stealth        | |  0.6
Evocations     | |  0.4

Action                   |  1- 3 |  4- 6 |  7- 9 || total
-------------------------+-------+-------+-------++-------
Melee: Long sword        |    49 |    81 |    82 ||   212
       Headbutt          |     9 |    13 |    12 ||    34
Evoke: Wand              |       |     3 |     2 ||     5
  Use: Scroll            |       |     2 |     3 ||     5
 Stab: Distracted        |       |     1 |       ||     1
Armor: Scale mail        |    14 |    37 |    27 ||    78
Dodge: Dodged            |    33 |    24 |    40 ||    97
Block: Buckler           |    14 |    14 |    17 ||    45
